 Dungeon Crawl Stone Soup version 0.30-a0-169-g06f667207d (webtiles) character file.

Game seed: 1104035822122246760

182 qw the Chopper (level 5, 0/33 HPs)
             Began as a Gargoyle Fighter on Sept 30, 2022.
             Splashed by a jelly's acid (7 damage)
             ... on level 4 of the Dungeon.
             The game lasted 00:01:09 (2657 turns).

qw the Chopper (Gargoyle Fighter)                   Turns: 2657, Time: 00:01:09

Health: 0/33       AC: 15    Str: 22    XL:     5   Next: 61%
Magic:  5/5        EV:  6    Int:  8    God:
Gold:   204        SH:  4    Dex:  9    Spells: 4/4 levels left

rFire   . . .      SeeInvis .    Y - +1 war axe
rCold   + . .      Faith    .    c - +0 buckler
rNeg    + . .      Spirit   .    g - +0 plate armour
rPois   inf        Reflect  .    (no helmet)
rElec   +          Harm     .    v - +0 cloak
rCorr   .          Rampage  .    e - +1 pair of gloves
Will    +....                    s - +0 pair of boots
Stlth   ..........               a - amulet "Qylyilih" {RegenMP Contam rC+ Will+}
HPRegen 0.11/turn                (no ring)
MPRegen 0.49/turn                (no ring)

@: corroded
A: sickness immunity, AC +4, negative energy resistance 1, electricity
resistance, torment resistance 1, petrification resistance
a: no special abilities


You were on level 4 of the Dungeon.
You visited 1 branch of the dungeon, and saw 4 of its levels.

You collected 204 gold pieces.


Innate Abilities, Weirdness & Mutations

You are immune to sickness and miasma.
Your stone body is resilient. (AC +4)
You are immune to poison.
You resist negative energy. (rN+)
You are resistant to electric shocks. (rElec)
You are resistant to unholy torment.
You are immune to petrification.


   Skills:
 + Level 3.6 Fighting
 - Level 5.0 Axes
 - Level 3.2 Armour
 - Level 3.2 Shields


You had 4 spell levels left.
You didn't know any spells.
Your spell library was empty.

Inventory:

Hand Weapons
 h - a +1 whip of holy wrath
 Y - a +1 war axe (weapon)
Armour
 c - a +0 buckler (worn)
 e - a +1 pair of gloves (worn)
 g - a +0 plate armour (worn)
 s - a +0 pair of boots (worn)
 v - a +0 cloak (worn)
Jewellery
 a - the amulet "Qylyilih" (around neck) {RegenMP Contam rC+ Will+}
   (You acquired it on level 2 of the Dungeon)

   [amulet of magic regeneration]

   It increases your rate of magic regeneration.
   rC:        It protects you from cold.
   Contam:    It causes magical contamination when unequipped.
   Will:      It increases your willpower.
 f - an amulet of guardian spirit
Scrolls
 m - a scroll of identify
Potions
 d - a potion of might
 i - a potion of attraction
 j - a potion of lignification
 k - a potion of heal wounds {unknown}
 n - a potion of magic {unknown}
 p - a potion of resistance {unknown}
 q - 2 potions of curing
 r - a potion of haste {unknown}
 t - a potion of cancellation {unknown}

Dungeon Overview and Level Annotations

Branches:
Dungeon (4/15)
 Temple: D:4-7

Altars:
Uskayaw

Shops:
D:2 [

Annotations:
D:4 Robin


Message History

You swing at nothing.
You swing at nothing.
You swing at nothing.
You swing at nothing.
You swing at nothing.
You swing at nothing.
You swing at nothing.
You swing at nothing.
2629 ||| Stepping ~*~*~tactically~*~*~ (stealth).
You swing at nothing.
You swing at nothing.
You swing at nothing.
You swing at nothing.
You swing at nothing.
You swing at nothing.
You swing at nothing.
You swing at nothing.
You swing at nothing.
You swing at nothing.
You swing at nothing.
2641 ||| Stepping ~*~*~tactically~*~*~ (stealth).
You swing at nothing.
You swing at nothing.
You swing at nothing.
You swing at nothing.
2646 ||| Stepping ~*~*~tactically~*~*~ (stealth).
Things that are here:
a +0 club; an orc corpse You swing at nothing.
You swing at nothing.
You swing at nothing.
You swing at nothing.
You swing at nothing.
You swing at nothing.
You swing at nothing.
The jelly closely misses you.
You hit the jelly. The acid corrodes you!
Your hands burn!
The jelly is moderately wounded.
You block the jelly's attack. The jelly hits you.
You are splashed with acid!
You die...

#.(#.# .###....#
...#....#####...
#...)...J....#
#..........###
#......###..# ..
#.......# #..# ...
........J##
#.###...
[..$..#..@##
..#....
.....###...##
.....#
###..##.....#
##))......##
###.)##.....
####.....#..# .
o..o..........##..
.....###.))).....#
.... ##..)....#


You could see a jelly.

Vanquished Creatures
  A kobold brigand (D:4)
  An adder (D:2)
  4 worms
  3 dart slugs
  14 orcs
  6 ball pythons
  7 endoplasms
  A giant cockroach (D:3)
  5 goblins
  5 hobgoblins
  7 kobolds
  2 quokkas
  6 bats
  4 frilled lizards
  A rat (D:1)
67 creatures vanquished.

Vanquished Creatures (others)
  A fungus (D:1)
  A plant (D:1)
2 creatures vanquished.

Grand Total: 69 creatures vanquished

Notes
Turn   | Place    | Note
-------+----------+-------------------------------------------
     0 | D:1      | qw the Gargoyle Fighter began the quest for the Orb.
     0 | D:1      | Reached XP level 1. HP: 14/14 MP: 1/1
     0 | D:1      | 0 ||| qw: Version: 0.2-a-12-gaebbb33
     0 | D:1      | 0 ||| qw: Game counter: 1406
     0 | D:1      | 0 ||| qw: Always use a shield: true
     0 | D:1      | 0 ||| qw: God list: Okawaru
     0 | D:1      | 0 ||| qw: Allow faded altars: false
     0 | D:1      | 0 ||| qw: Do Orc after D:15 true
     0 | D:1      | 0 ||| qw: Do second Lair branch before Depths: true
     0 | D:1      | 0 ||| qw: Lair rune preference: random
     0 | D:1      | 0 ||| qw: Plans: Normal, Zot:1-4, God:TSO, Crypt, Tomb,
                  | Pan, Slime:5, Hells, Abyss, Orb
     0 | D:1      | 0 ||| PLANNING D:1-11
    83 | D:1      | Reached skill level 2 in Axes
   222 | D:1      | Reached XP level 2. HP: 18/19 MP: 2/2
   760 | D:1      | 760 ||| Stepping ~*~*~tactically~*~*~ (stealth).
   761 | D:1      | 761 ||| Stepping ~*~*~tactically~*~*~ (stealth).
   771 | D:1      | Found a faded altar of an unknown god.
   821 | D:1      | 821 ||| DROPPING +0 club.
   991 | D:1      | Reached skill level 3 in Axes
  1067 | D:1      | 1067 ||| READING 2 scrolls labelled XOEBATS SISEPN.
  1068 | D:1      | 1068 ||| READING scroll labelled KUIKHE FORE.
  1069 | D:1      | 1069 ||| READING scroll labelled SUDYUBB GIAZXU.
  1076 | D:1      | 1076 ||| READING scroll labelled ABAANKAPPU.
  1077 | D:1      | 1077 ||| READING 2 scrolls labelled TOM YLOSOERCH.
  1078 | D:1      | 1078 ||| DROPPING scroll of blinking.
  1094 | D:2      | Reached XP level 3. HP: 23/23 MP: 3/3
  1125 | D:2      | 1125 ||| Stepping ~*~*~tactically~*~*~ (hiding).
  1396 | D:2      | 1396 ||| DROPPING +0 whip.
  1478 | D:2      | Found Zikedghi's Antique Armour Shop.
  1490 | D:2      | 1490 ||| SHOPLISTING encrusted chain mail (180 gold, have
                  | 104).
  1490 | D:2      | 1490 ||| SHOPLISTING runed ice dragon scales (1197 gold,
                  | have 104).
  1620 | D:2      | 1620 ||| Stepping ~*~*~tactically~*~*~ (hiding).
  1774 | D:2      | Found a hide-covered altar of Uskayaw.
  1834 | D:2      | Reached XP level 4. HP: 25/28 MP: 4/4
  1989 | D:2      | 1989 ||| UPGRADING to +0 pair of gloves.
  1994 | D:2      | 1994 ||| UPGRADING to +0 plate armour.
  2004 | D:2      | 2004 ||| DROPPING +0 scale mail.
  2005 | D:2      | 2005 ||| UPGRADING to amulet of guardian spirit.
  2010 | D:2      | 2010 ||| READING scroll labelled GEAF LURESK.
  2010 | D:2      | Identified a scroll of acquirement
  2010 | D:2      | 2010 ||| ACQUIRING amulet "Qylyilih" {RegenMP Contam rC+
                  | Will+}
  2010 | D:2      | Acquired the amulet "Qylyilih" {RegenMP Contam rC+ Will+}
  2012 | D:2      | 2012 ||| UPGRADING to amulet "Qylyilih" {RegenMP Contam rC+
                  | Will+}.
  2022 | D:2      | 2022 ||| READING scroll labelled SISSUM BULUXU.
  2023 | D:2      | 2023 ||| DRINKING 2 fuming ruby potions.
  2024 | D:2      | 2024 ||| READING 2 scrolls of identify.
  2024 | D:2      | 2024 ||| IDENTIFYING red potion
  2247 | D:3      | Reached skill level 4 in Axes
  2540 | D:3      | 2540 ||| UPGRADING to +0 pair of boots.
  2545 | D:3      | 2545 ||| UPGRADING to +0 cloak.
  2550 | D:3      | 2550 ||| READING 2 scrolls labelled QIHECE ESHO.
  2551 | D:3      | 2551 ||| READING 2 scrolls labelled VOIN AGGUISTA.
  2552 | D:3      | 2552 ||| READING scroll of enchant armour.
  2552 | D:3      | 2552 ||| ENCHANTING +0 pair of gloves.
  2553 | D:3      | 2553 ||| READING scroll labelled EKLUBL RAVACK.
  2554 | D:3      | 2554 ||| READING 2 scrolls of identify.
  2554 | D:3      | 2554 ||| IDENTIFYING fizzy orange potion
  2555 | D:3      | 2555 ||| DROPPING scroll of immolation.
  2561 | D:4      | Noticed a kobold brigand
  2564 | D:4      | Noticed Robin
  2565 | D:4      | 2565 ||| Stepping ~*~*~tactically~*~*~ (hiding).
  2566 | D:4      | 2566 ||| Stepping ~*~*~tactically~*~*~ (hiding).
  2567 | D:4      | 2567 ||| Stepping ~*~*~tactically~*~*~ (hiding).
  2568 | D:4      | 2568 ||| Stepping ~*~*~tactically~*~*~ (hiding).
  2573 | D:4      | Killed a kobold brigand
  2574 | D:4      | Reached XP level 5. HP: 21/32 MP: 5/5
  2581 | D:4      | HP: 8/32 [something (1)]
  2582 | D:4      | 2582 ||| READING 3 scrolls of teleportation.
  2585 | D:4      | Reached skill level 5 in Axes
  2590 | D:4      | 2590 ||| READING 2 scrolls of teleportation.
  2594 | D:4      | 2594 ||| Stepping ~*~*~tactically~*~*~ (stealth).
  2595 | D:4      | 2595 ||| Stepping ~*~*~tactically~*~*~ (stealth).
  2597 | D:4      | 2597 ||| READING scroll of teleportation.
  2615 | D:4      | HP: 5/32 [orc/+0 club (4)]
  2629 | D:4      | 2629 ||| Stepping ~*~*~tactically~*~*~ (stealth).
  2641 | D:4      | 2641 ||| Stepping ~*~*~tactically~*~*~ (stealth).
  2646 | D:4      | 2646 ||| Stepping ~*~*~tactically~*~*~ (stealth).
  2657 | D:4      | HP: 7/33 [jelly (2)]
  2657 | D:4      | Splashed by a jelly's acid

Levels and vault maps discovered:
D:1:      dpeg_arrival_chambers_temple_mockup, layout_basic,
          dreamdust_ecumenical_altar_grove, minmay_box_of_dots
D:2:      layout_rooms, serial_shops, nicolae_diamond_shop, basic_altar
D:3:      layout_basic, dreamdust_princess_bridge
D:4:      layout_layer_cave, uniq_robin

Skill      XL: |  1  2  3  4  5 |
---------------+----------------+-----
Axes           | 2 3 4 5 |  5.0
Fighting       | |  3.6
Armour         | |  3.2
Shields        | |  3.2

Action                   |  1- 3 |  4- 6 || total
-------------------------+-------+-------++-------
Melee: War axe           |   110 |    70 ||   180
  Use: Scroll            |     5 |    11 ||    16
       Potion            |       |     1 ||     1
Armor: Scale mail        |    57 |     6 ||    63
       Plate armour      |       |    65 ||    65
Dodge: Dodged            |    54 |    21 ||    75
Block: Buckler           |    28 |    18 ||    46

Table legend:
 A = Non-vault XP
 B = Vault XP
 C = Vault XP percentage of total XP
 D = Non-vault monster count
 E = Vault monster count
 F = Vault count percentage of total count
                 A         B        C        D         E       F
            +---------+---------+-------+---------+---------+-------
      Total |     251 |       9 |   3.5 |      62 |       5 |   7.5
            +---------+---------+-------+---------+---------+-------
        D:1 |      28 |       3 |   9.7 |      18 |       2 |  10.0
        D:2 |      55 |       0 |   0.0 |      17 |       0 |   0.0
        D:3 |      26 |       0 |   0.0 |      11 |       0 |   0.0
        D:4 |     142 |       6 |   4.1 |      16 |       3 |  15.8
            +---------+---------+-------+---------+---------+-------
